 Dungeon Crawl Stone Soup version 0.25-a0-690-g234afa57d4 (webtiles) character file.

Game seed: 6265577324818390501, levelgen mode: deterministic

9379 kae the Grappler (level 11, -4/85 HPs)
             Began as a Red Draconian Transmuter on Mar 30, 2020.
             Was a Believer of Hepliaklqana.
             Slain by a vampire (11 damage)
             ... on level 10 of the Dungeon.
             The game lasted 00:17:56 (14517 turns).

kae the Grappler (Red Draconian Transmuter)        Turns: 14517, Time: 00:17:57

Health: -4/85      AC: 16    Str: 12    XL:     11   Next: 22%
Magic:  24/31      EV: 12    Int: 18    God:    Hepliaklqana [**....]
Gold:   634        SH:  0    Dex: 11    Spells: 9/25 levels left

rFire    + . .     SeeInvis .     - Unarmed
rCold    . . .     Gourm    .   (shield currently unavailable)
rNeg     . . .     Faith    .   (armour unavailable)
rPois    .         Spirit   .   (helmet restricted)
rElec    .         Reflect  .   (no cloak)
rCorr    .         Harm     .   (gloves currently unavailable)
MR       .....                  e - +2 pair of boots
Stlth    +.........             (no amulet)
HPRegen  0.24/turn              E - ring of magical power
MPRegen  0.22/turn              D - +6 ring of protection

@: blade hands
A: breathe fire, unfitting armour, reduced essence, fire resistance 1,
cold-blooded, AC +7
a: Breathe Fire, End Transformation, Recall Ancestor, Ancestor Identity,
Renounce Religion


You were on level 10 of the Dungeon.
You worshipped Hepliaklqana.
Hepliaklqana was pleased with you.
You were hungry.
You had blades for hands.
You visited 2 branches of the dungeon, and saw 11 of its levels.
You also visited: Sewer and Ossuary.

You collected 781 gold pieces.
You spent 147 gold pieces at shops.

Inventory:

Missiles
 a - 118 arrows
Armour
 e - a +2 pair of boots (worn)
 F - a +1 pair of gloves (melded)
Jewellery
 d - an uncursed ring of stealth
 y - an uncursed ring of fire
 C - an uncursed ring of fire
 D - a +6 ring of protection (right scythe-like blade)
 E - a ring of magical power (left scythe-like blade)
Wands
 b - a wand of iceblast (8)
 f - a wand of enslavement (9)
 g - a wand of polymorph (18)
 h - a wand of random effects (9)
 u - a wand of flame (6)
 G - a wand of clouds (3)
Scrolls
 i - 11 scrolls of remove curse
 n - 4 scrolls of amnesia
 o - 6 scrolls of teleportation
 r - a scroll of enchant weapon
 v - 4 scrolls of identify
 A - 3 scrolls of blinking
 B - 3 scrolls of fear
 H - a scroll of random uselessness {unknown}
Potions
 j - 4 potions of curing
 k - 3 potions of might
 l - a potion of mutation
 m - 2 potions of brilliance
 p - 2 potions of resistance
 q - 3 potions of lignification
 s - 3 potions of invisibility
 t - a potion of magic
 w - 2 potions of stabbing
 x - 2 potions of heal wounds
 z - a potion of haste
Comestibles
 c - 18 rations


   Skills:
 + Level 8.7 Fighting
 - Level 1.7 Dodging
 * Level 11.5 Unarmed Combat
 + Level 7.5 Spellcasting
 + Level 8.1 Transmutations


You had 9 spell levels left.
You knew the following spells:

 Your Spells              Type           Power        Failure   Level  Hunger
a - Beastly Appendage     Tmut           #####.       11%         1    None
b - Sticks to Snakes      Tmut           #####...     12%         2    None
c - Spider Form           Tmut/Pois      ###.......   36%         3    #......
d - Blade Hands           Tmut           #####.....   45%         5    #####..
e - Ice Form              Ice/Tmut       ###.....     61%         4    ###....
f - Infusion              Chrm           #...         47%         1    None

Your spell library contained the following spells:

 Spells                   Type           Power        Failure   Level  Hunger
 Shroud of Golubria       Chrm/Tloc      #.....       56%         2    None
 Song of Slaying          Chrm           #.......     56%         2    None
 Ozocubu's Armour         Chrm/Ice       #.......     73%         3    #......
 Spectral Weapon          Hex/Chrm       #.......     73%         3    #......


Dungeon Overview and Level Annotations

Branches:
Dungeon (10/15)            Temple (1/1) D:5            Lair (0/6) D:8
    Orc (0/2) D:9           Sewer (visited)         Ossuary (visited)

Altars:
Ashenzari
Cheibriados
Dithmenos
Elyvilon
Fedhas
Gozag
Hepliaklqana
Kikubaaqudgha
Makhleb
Nemelex Xobeh
Okawaru
Qazlal
Ru
Sif Muna
Trog
Uskayaw
Vehumet
Wu Jian
Xom
Yredelemnul
Zin
The Shining One

Shops:
D:7 =(:?

Annotations:
D:5 1 runed translucent door, Crazy Yiuf


Innate Abilities, Weirdness & Mutations

You can breathe blasts of fire.
Your fiery red scales are hard. (AC +7)
You cannot fit into any form of body armour.
Your flesh is heat resistant. (rF+)
You are cold-blooded and may be slowed by cold attacks.
Your life essence is reduced to manifest your ancestor. (-10% HP)


Message History

Deactivating autopickup; reactivate with Ctrl-A.
You miss something.
Your hands revert to their normal proportions.
Your +1 pair of gloves unmelds from your body.
Something hits you but does no damage. Something bites you but does no damage.
You closely miss something. You tail-slap something. You punch something.
You closely miss something. Your punch misses something. Something hits you!
Something bites you but does no damage.
Casting: Blade Hands (slightly dangerous; 10% risk of failure)
Confirm with . or Enter, or press ? or * to list all spells.
Your hands turn into razor-sharp scythe blades.
Your +1 pair of gloves melds into your body.
Something hits you but does no damage. Something bites you!
* * * LOW HITPOINT WARNING * * *
Something draws strength from your injuries!
Something hits you but does no damage. Something bites you!
* * * LOW HITPOINT WARNING * * *
Something draws strength from your injuries!
You barely miss something.
Your tail-slap misses something.
Something hits you!
You die...

###### ....##
###################..#####
.......W{@............††.)
######.############.####.
#.....# #..# #.
#..........# ##.# #.
#.#.#.#.#..# .. ## # ##
##..# #.# .# .. # #.# .#


You could see a wraith.

Vanquished Creatures
  Harold (D:9)
  A two-headed ogre (D:10)
  A troll (D:9)
  Prince Ribbit (D:5)
  A hippogriff (D:7)
  A vampire (D:10)
  2 wraiths
  Sigmund (D:2)
  4 yaks (D:9)
  2 hungry ghosts
  Eustachio (D:4)
  5 vampire mosquitoes (D:10)
  4 hogs (D:7)
  A human (D:7)
  Menkaure (D:4)
  Duvessa (D:5)
  2 orc warriors (D:9)
  Purgy (Sewer)
  A black bear (D:6)
  2 ice beasts (D:8)
  A necrophage (D:8)
  2 ogres (D:9)
  An elf zombie (Ossuary)
  4 big kobolds (D:9)
  A bullfrog (D:7)
  Blork the orc (D:4)
  A gnoll sergeant (D:9)
  Dowan (D:5)
  A water moccasin zombie (D:6)
  2 scorpions
  5 killer bees
  6 electric eels (D:7)
  6 wights
  2 howler monkeys
  4 crimson imps
  5 hounds
  4 jellies
  3 orc priests
  2 bullfrog skeletons
  2 centaur skeletons (D:6)
  10 orc wizards
  3 human skeletons (D:6)
  4 worker ants
  6 iguanas
  Natasha (thrice) (D:3)
  3 mummies (Ossuary)
  A hound skeleton (D:4)
  A worker ant zombie (D:8)
  A howler monkey skeleton (D:8)
  4 adders
  10 gnolls
  2 river rats (D:3)
  2 shadow imps
  3 adder skeletons
  4 worms
  A dart slug (D:4)
  4 leopard geckos
  20 orcs
  15 giant cockroaches
  A gnoll zombie (Ossuary)
  8 goblins
  4 hobgoblins
  2 jackals (D:2)
  4 quokkas
  2 ball pythons
  5 bats
  7 frilled lizards
  3 goblin zombies (Ossuary)
  3 hobgoblin zombies (Ossuary)
  8 kobolds
  A kobold zombie (Ossuary)
  A leopard gecko skeleton (D:4)
  An orc skeleton (D:6)
  2 orc zombies (D:6)
  A quokka skeleton (D:5)
  11 rats
  2 plants (D:7)
251 creatures vanquished.

Vanquished Creatures (collateral kills)
  An ogre (D:6)
  A big kobold (D:9)
  A scorpion (D:7)
  A wight (D:9)
  A bullfrog zombie (D:9)
  A quasit (D:6)
  A centaur zombie (D:5)
  An iguana (D:5)
  A gnoll (D:9)
  3 adder zombies
  A worm (D:5)
  2 orcs (D:5)
  An orc zombie (Ossuary)
16 creatures vanquished.

Vanquished Creatures (others)
  5 ancestors (D:7)
  A plant (D:7)
6 creatures vanquished.

Grand Total: 273 creatures vanquished

Notes
Turn   | Place    | Note
-------+----------+-------------------------------------------
     0 | D:1      | kae the Draconian Transmuter began the quest for the Orb.
     0 | D:1      | Reached XP level 1. HP: 16/16 MP: 3/3
   337 | D:1      | Reached XP level 2. HP: 21/23 MP: 3/5
   491 | D:1      | Found a sparkling altar of Nemelex Xobeh,
  1059 | D:2      | Learned a level 2 spell: Sticks to Snakes
  1343 | D:2      | Found a glowing silver altar of Zin,
  1436 | D:2      | Noticed Sigmund
  1438 | D:2      | Reached XP level 3. HP: 16/29 MP: 6/6
  1558 | D:1      | Learned a level 3 spell: Spider Form
  1854 | D:2      | Killed Sigmund
  1854 | D:2      | Reached skill level 4 in Unarmed Combat
  1854 | D:2      | Reached XP level 4. HP: 29/37 MP: 4/8
  1854 | D:2      | Reached XP level 5. HP: 33/42 MP: 4/9
  2417 | D:3      | Found a glowing drain,
  2525 | Sewer    | Entered a sewer
  2691 | Sewer    | Noticed Purgy
  2715 | Sewer    | Killed Purgy
  2715 | Sewer    | Reached skill level 5 in Unarmed Combat
  2715 | Sewer    | Reached XP level 6. HP: 31/51 MP: 4/10
  3269 | D:3      | Noticed Natasha
  3281 | D:3      | Killed Natasha
  4048 | D:3      | Noticed Natasha
  4060 | D:3      | Killed Natasha
  4571 | D:3      | Noticed Natasha
  4577 | D:3      | Killed Natasha
  5301 | D:4      | Noticed Eustachio
  5315 | D:4      | Killed Eustachio
  5315 | D:4      | Your scales start taking on a fiery red colour.
  5315 | D:4      | Reached XP level 7. HP: 33/58 MP: 7/12
  5315 | D:4      | Gained mutation: Your flesh is heat resistant. (rF+) [Red
                  | Draconian growth]
  5490 | D:4      | Noticed Menkaure
  5506 | D:4      | Reached skill level 6 in Unarmed Combat
  5510 | D:4      | Killed Menkaure
  5708 | D:4      | Noticed Blork the orc
  5727 | D:4      | Killed Blork the orc
  5854 | D:4      | Reached XP level 8. HP: 61/67 MP: 10/14
  6588 | D:5      | Entered Level 5 of the Dungeon
  6596 | D:5      | Noticed Dowan
  6597 | D:5      | Noticed Duvessa
  6605 | D:5      | Killed Duvessa
  6620 | D:5      | Killed Dowan
  6622 | D:5      | Reached skill level 5 in Fighting
  6622 | D:5      | Reached skill level 7 in Unarmed Combat
  6835 | D:5      | Found a staircase to the Ecumenical Temple,
  6896 | Temple   | Entered the Ecumenical Temple
  7238 | Temple   | Became a worshipper of Hepliaklqana the Forgotten
  7290 | D:5      | Reached skill level 5 in Transmutations
  7314 | D:5      | Noticed Prince Ribbit
  7323 | D:5      | Killed Prince Ribbit
  7564 | D:5      | Found a runed translucent door,
  7565 | D:5      | Noticed Crazy Yiuf
  7625 | D:5      | Reached skill level 5 in Spellcasting
  8059 | D:5      | Reached skill level 8 in Unarmed Combat
  8150 | D:5      | Reached XP level 9. HP: 67/67 MP: 12/16
  8325 | D:5      | Learned a level 5 spell: Blade Hands
  8330 | D:5      | Learned a level 4 spell: Ice Form
  8352 | D:6      | Learned a level 1 spell: Infusion
  8747 | D:6      | Found a sand-covered staircase,
  8790 | Ossuary  | Entered an ossuary
  8946 | Ossuary  | Reached * piety under Hepliaklqana
  9805 | D:7      | Found Wuuwuj's Magic Scroll Shoppe,
  9842 | D:7      | Bought a scroll of identify for 28 gold pieces
  9842 | D:7      | Bought a scroll of identify for 28 gold pieces
  9842 | D:7      | Bought a scroll of identify for 28 gold pieces
  9873 | D:7      | Found Heimp's Book Shoppe,
  9943 | D:7      | Reached skill level 9 in Unarmed Combat
  9948 | D:7      | Found Keun Umm's Jewellery Shoppe,
  9984 | D:7      | Bought a cursed ring of teleportation for 63 gold pieces
 10783 | D:7      | Reached XP level 10. HP: 41/77 MP: 16/19
 12185 | D:7      | Found Teroitupt's Weapon Shoppe,
 12450 | D:8      | Reached skill level 10 in Unarmed Combat
 12953 | D:8      | Found a staircase to the Lair,
 12962 | D:8      | Reached ** piety under Hepliaklqana
 12963 | D:8      | Remembered your ancestor Appius as a hexer
 13445 | D:9      | Noticed Harold
 13469 | D:9      | Killed Harold
 13819 | D:9      | Found a staircase to the Orcish Mines,
 13839 | D:9      | Reached skill level 11 in Unarmed Combat
 14185 | D:10     | Entered Level 10 of the Dungeon
 14357 | D:10     | Noticed a two-headed ogre
 14365 | D:10     | Killed a two-headed ogre
 14365 | D:10     | Reached XP level 11. HP: 52/85 MP: 22/22
 14517 | D:10     | Slain by a vampire

Levels and vault maps discovered:
D:1:      lightli_arrival_statuegarden, layout_basic, nemelex_altar_shiori
D:2:      layout_basic, zin_scriptorium, minmay_tripent, uniq_sigmund
D:3:      mumra_celtic_spiral_tile, layout_basic, gup_sewer_entry_spiral,
          wander_ebering_terrifying_dragon_lair, uniq_natasha
D:4:      layout_basic, uniq_eustachio, uniq_menkaure, uniq_blork_the_orc
D:5:      layout_gridville, minmay_temple_entry_waves, first_ration,
          grunt_tough_drop, uniq_prince_ribbit1, uniq_crazy_yiuf_cottage,
          uniq_duvessa
D:6:      layout_basic, nicolae_ossuary_entry_catacombs
D:7:      cheibrodos_two_vegetables, layout_loops_ring, serial_shops, shop,
          shop, shop_coins, shop, grunt_ministairs_11, grunt_livestock
D:8:      layout_loops_ring, lair_entry_dummy
D:9:      layout_stronghold, kennysheep_orc_monster_closet_entryway,
          serial_glass, glass_columns_c, glass_columns_b, glass_columns_a,
          skrybe_limestone_x, uniq_harold
D:10:     layout_basic, minmay_guarded_unrand_vampires_tooth, uniq_josephine
Temple:   compressed_dpeg_circular_temple

Skill      XL: |  1  2  3  4  5  6  7  8  9 10 11 |
---------------+----------------------------------+-----
Fighting       | 2 3 4 5 7 8 |  8.7
Unarmed Combat | 4 5 6 8 9 11 | 11.5
Transmutations | 3 4 5 6 7 8 |  8.1
Spellcasting   | 3 4 5 6 7 |  7.5
Dodging        | |  1.7

Action                   |  1- 3 |  4- 6 |  7- 9 | 10-12 || total
-------------------------+-------+-------+-------+-------++-------
Melee: Unarmed           |    98 |   160 |   366 |   217 ||   841
       Headbutt          |     6 |       |     3 |       ||     9
       Tailslap          |     9 |     3 |    17 |    17 ||    46
       Kick              |     2 |       |       |       ||     2
       Punch             |       |       |     6 |     5 ||    11
 Cast: Beastly Appendage |    14 |     1 |     3 |       ||    18
       Spider Form       |     4 |    18 |    24 |     1 ||    47
       Sticks to Snakes  |     2 |       |       |       ||     2
       Infusion          |       |       |     2 |     2 ||     4
       Ice Form          |       |       |     1 |     3 ||     4
       Blade Hands       |       |       |       |    10 ||    10
Invok: Ancestor Life: He |       |       |       |     1 ||     1
 Abil: Breathe Fire      |       |       |     4 |     8 ||    12
  Use: Scroll            |     3 |     6 |    14 |     4 ||    27
       Potion            |     1 |     1 |     4 |     1 ||     7
 Stab: Sleeping          |       |     2 |     7 |     4 ||    13
       Distracted        |       |     1 |     2 |     2 ||     5
       Confused          |       |       |       |     1 ||     1
  Eat: Chunk             |     2 |     9 |    15 |    12 ||    38
       Ration            |     1 |     1 |     2 |     2 ||     6
Armor: Skin              |    36 |    36 |    68 |    76 ||   216
Dodge: Dodged            |    80 |   142 |   238 |   110 ||   570

Table legend:
 A = Non-vault XP
 B = Vault XP
 C = Vault XP percentage of total XP
 D = Non-vault monster count
 E = Vault monster count
 F = Vault count percentage of total count
                 A         B        C        D         E       F
            +---------+---------+-------+---------+---------+-------
      Total |    6193 |    7206 |  53.8 |     170 |      91 |  34.9
            +---------+---------+-------+---------+---------+-------
        D:1 |      20 |       0 |   0.0 |      14 |       0 |   0.0
        D:2 |      21 |     215 |  91.1 |      14 |       3 |  17.6
        D:3 |     208 |      89 |  30.0 |      28 |      10 |  26.3
        D:4 |     338 |     460 |  57.6 |      17 |       3 |  15.0
        D:5 |     776 |     534 |  40.8 |      24 |       6 |  20.0
        D:6 |     790 |     113 |  12.5 |      22 |       6 |  21.4
        D:7 |     577 |    1478 |  71.9 |       7 |      15 |  68.2
        D:8 |     668 |       0 |   0.0 |      11 |       0 |   0.0
        D:9 |    1555 |    2414 |  60.8 |      22 |      21 |  48.8
       D:10 |    1240 |    1374 |  52.6 |      11 |       7 |  38.9
      Sewer |       0 |     139 | 100.0 |       0 |       6 | 100.0
    Ossuary |       0 |     390 | 100.0 |       0 |      14 | 100.0
            +---------+---------+-------+---------+---------+-------
